 Dungeon Crawl Stone Soup version 0.26-a0-490-gf8362a0c98 (webtiles) character file.

Game seed: 10642182076633978181

4 MrRokkomies the Slasher (level 1, -1/16 HPs)
             Began as an Octopode Chaos Knight on Aug 4, 2020.
             Was a Plaything of Xom.
             Slain by a hippogriff (shapeshifter) (6 damage)
             ... on level 1 of the Dungeon.
             The game lasted 00:00:18 (224 turns).

MrRokkomies the Slasher (Octopode Chaos Knight)      Turns: 224, Time: 00:00:19

Health: -1/16      AC:  1    Str: 11    XL:     1   Next: 60%
Magic:  1/1        EV: 13    Int: 14    God:    Xom [..*...]
Gold:   26         SH:  0    Dex: 11    Spells: 0/0 levels left

rFire    . . .     SeeInvis .   a - +0 falchion (chaos)
rCold    . . .     Faith    .   (no shield)
rNeg     . . .     Spirit   .   (helmet restricted)
rPois    .         Reflect  .   (no amulet)
rElec    .         Harm     .   (no ring)
rCorr    .                      (no ring)
MR       .....                  (no ring)
Stlth    ++........             (no ring)
HPRegen  0.05/turn              (no ring)
MPRegen  0.07/turn              (no ring)
                                (no ring)
                                (no ring)

@: no status effects
A: almost no armour, stealthy swim, amphibious, 8 rings, constrict 8, camouflage
1, gelatinous body 1
a: Renounce Religion


You were on level 1 of the Dungeon.
You worshipped Xom.
You were a toy of Xom.
You visited 1 branch of the dungeon, and saw 1 of its levels.

You collected 26 gold pieces.

Inventory:

Hand Weapons
 a - a +0 falchion of chaos (weapon)
Jewellery
 e - an uncursed ring of magical power {unknown}
Scrolls
 b - a scroll of identify {unknown}
 c - 2 scrolls of blinking {unknown}
 f - a scroll of teleportation {unknown}
 g - a scroll of fog {unknown}
 h - a scroll of enchant armour {unknown}
 i - a scroll of noise {unknown}
 j - a scroll of enchant weapon {unknown}
Potions
 d - a potion of curing {unknown}


   Skills:
 + Level 3.0 Fighting
 * Level 3.1 Long Blades
 * Level 2.4 Dodging
 + Level 0.3 Stealth


You couldn't memorise any spells.
You didn't know any spells.
Your spell library was empty.

Dungeon Overview and Level Annotations

Branches:
Dungeon (1/15)

Altars:


Innate Abilities, Weirdness & Mutations

You cannot wear most types of armour.
You are very stealthy in the water. (Stealth+)
You are amphibious.
You can wear up to eight rings at the same time.
You can use your tentacles to constrict eight enemies at once.
Your skin changes colour to match your surroundings (Stealth+).
Your rubbery body absorbs attacks. (AC +1, EV +1)


Message History

A goblin is nearby!
Found a small golden amulet.
The goblin shouts!
The goblin completely misses you.
You hit the goblin but do no damage.
The goblin changes into a shapeshifter!
You grab the shapeshifter. You constrict the shapeshifter.
You lose your grip on the hippogriff.
The shapeshifter changes into a hippogriff!
You hit the hippogriff.
The hippogriff suddenly seems more agile.
The hippogriff is lightly wounded.
The hippogriff bites you. The hippogriff pecks you. The hippogriff claws you!
Xom is highly amused!
You are too injured to fight recklessly!
You closely miss the hippogriff.
The hippogriff is lightly wounded.
A leopard gecko comes into view.
The hippogriff bites you.
You die...
Xom guffaws!

#.....#.#
#......'......)
#######'##
#......###.....
#....###..>...#
#.####
#.....#########
#.#### #.....#
#..... +.....#
#..... #.....#
#..... #.....#
#.##.. #....@#
# ### #....H# #
##....l ####
#...... #...
#..."... #.##
#........ #
#######... #.##
.... #... ####


You could see a hippogriff shaped shifter (agile) and a leopard gecko
(wandering).

Vanquished Creatures
  A goblin (D:1)
  A hobgoblin (D:1)
  A ball python (D:1)
  A rat (D:1)
4 creatures vanquished.

Notes
Turn   | Place    | Note
-------+----------+-------------------------------------------
     0 | D:1      | MrRokkomies the Octopode Chaos Knight began the quest for
                  | the Orb.
     0 | D:1      | Reached XP level 1. HP: 16/16 MP: 1/1
   222 | D:1      | Noticed a shapeshifter
   222 | D:1      | a goblin changed into a shapeshifter
   222 | D:1      | Noticed a hippogriff
   222 | D:1      | a shapeshifter changed into a hippogriff
   224 | D:1      | Slain by a hippogriff (shapeshifter)

Illustrated notes

Levels and vault maps discovered:
D:1:      dpeg_arrival_erosion, layout_basic

Action                   || total
-------------------------++-------
Melee: Falchion          ||     9
       Constrict         ||     4
       Tentacles         ||     1
Dodge: Dodged            ||     7
       Rpst.: Falchion   ||     1

Table legend: (Time is in decaauts)
 A = Elapsed time spent in this place.
 B = Non-inter-level travel time spent in this place.
 C = Inter-level travel time spent in this place.
 D = Time resting spent in this place.
 E = Time spent auto-exploring this place.
 F = Levels seen in this place.
 G = Mean time per level.
                   A        B        C        D        E       F      G
               +--------+--------+--------+--------+--------+-----+--------+
         Total |    225 |    225 |      0 |      0 |    188 |   1 |  225.0 |
       Dungeon |    225 |    225 |      0 |      0 |    188 |   1 |  225.0 |
               +--------+--------+--------+--------+--------+-----+--------+

Top non-repeatable levels by time:
     D:1: 225 daAuts
